[Event "Early-Titled-Tuesday-Blitz-September-26-2023"]
[Site "Chess.com"]
[Date "2023.09.26"]
[Round "6"]
[White "Defenstrator"]
[Black "SHIVACalypso"]
[Result "1-0"]
[WhiteElo "2371"]
[BlackElo "2486"]
[TimeControl "180+1"]
[EndTime "9:03:53 PDT"]
[Termination "Defenstrator won by resignation"]

1. Nc3 d5 2. e4 d4 3. Nce2 b6 4. c3 e5 5. Nf3 Bb7 6. Nxe5 Bd6 7.
Qa4+ Kf8 8. Qxd4 c5 9. Qd3 Ba6 10. Nc4 Bxc4 11. Qxc4 Nc6 12. d4 cxd4 13. Qxc6 Rc8 14.
Qd5 Ne7 15. Qxd4 1-0

[Event "Early-Titled-Tuesday-Blitz-September-26-2023"]
[Site "Chess.com"]
[Date "2023.09.26"]
[Round "6"]
[White "Aariow"]
[Black "Rainbow2014"]
[Result "1-0"]
[WhiteElo "2632"]
[BlackElo "2372"]
[TimeControl "180+1"]
[EndTime "9:03:54 PDT"]
[Termination "Aariow won by resignation"]

1. d4 Nf6 2. c4 e6 3. Nc3 Bb4 4.
Qc2 O-O 5. e4 d5 6. e5 Ne4 7. Bd3 c5 8. Nf3 cxd4 9. Nxd4 Nd7 10.
Bf4 Qh4 11. g3 Qh5 12. O-O Bxc3 13. bxc3 g5 14. cxd5 exd5 15. g4 Qxg4+ 16. Bg3 Nxg3 17. fxg3 Nxe5 18. Bxh7+ Kg7 19. Rae1 f6 20. Rxe5 1-0

[Event "Early-Titled-Tuesday-Blitz-September-26-2023"]
[Site "Chess.com"]
[Date "2023.09.26"]
[Round "6"]
[White "Aradhya2000"]
[Black "slorovel"]
[Result "1-0"]
[WhiteElo "2697"]
[BlackElo "2469"]
[TimeControl "180+1"]
[EndTime "9:03:58 PDT"]
[Termination "Aradhya2000 won by resignation"]

1. d4 Nf6 2. Nf3 g6 3. g3 Bg7 4. Bg2 O-O 5. O-O d6 6. Nc3 Nc6 7. d5 Nb8 8. a4 c6 9. e4 e6 10.
dxe6 fxe6 11. e5 Nd5 12. Bg5 Qc7 13. exd6 Qxd6 14. Qd2 Qc7 15. Bh6 Na6 16. Bxg7 Qxg7 17. Rfe1 Nac7 18. Nd4 e5 19. Ndb5 Nxc3 20. Nxc7 Qxc7 21.
Qxc3 Qb6 22. Re2 Bg4 23. Qc4+ 1-0

[Event "Early-Titled-Tuesday-Blitz-September-26-2023"]
[Site "Chess.com"]
[Date "2023.09.26"]
[Round "6"]
[White "whitemirrorninja"]
[Black "ElenaPershina"]
[Result "0-1"]
[WhiteElo "2465"]
[BlackElo "2328"]
[TimeControl "180+1"]
[EndTime "9:04:05 PDT"]
[Termination "ElenaPershina won by resignation"]

1. d4 d5 2. Nc3 Nf6 3. Bf4 c5 4. e3 cxd4 5. exd4 Bg4 6. Qd2 Nc6 7. h3 Bh5 8. Bb5 e6 9. g4 Bg6 10. Nf3 Ne4 11. Nxe4 Bxe4 12. Qe3 Qa5+ 13. Qc3 Bb4 0-1

[Event "Early-Titled-Tuesday-Blitz-September-26-2023"]
[Site "Chess.com"]
[Date "2023.09.26"]
[Round "6"]
[White "Mesa_1"]
[Black "TimofeevAr"]
[Result "0-1"]
[WhiteElo "2665"]
[BlackElo "2881"]
[TimeControl "180+1"]
[EndTime "9:04:14 PDT"]
[Termination "TimofeevAr won by resignation"]

1. e4 e6 2. d4 d5 3. Nd2 Nc6 4. Ngf3 Nf6 5. e5 Nd7 6. Nb3 a5 7. a4 Be7 8. c3 f6 9. Bf4 fxe5 10. dxe5 O-O 11. Bg3 b6 12. Bb5 Na7 13. Bd3 Nc5 14. h4 Nxd3+ 15. Qxd3 c5 16. Nbd2 Nc6 17. Ng5 Rf5 18. Ndf3 h6 19. Nh3 Ba6 20. Qe3 d4 21.
cxd4 Nxd4 22. Nxd4 cxd4 23. Qe4 Bb4+ 24. Kd1 Rc8 25.
Nf4 Qc7 26. Nxe6 Qc4 0-1

[Event "Early-Titled-Tuesday-Blitz-September-26-2023"]
[Site "Chess.com"]
[Date "2023.09.26"]
[Round "6"]
[White "Yuruultei"]
[Black "Kotofeyca"]
[Result "0-1"]
[WhiteElo "2271"]
[BlackElo "2384"]
[TimeControl "180+1"]
[EndTime "9:04:20 PDT"]
[Termination "Kotofeyca won by resignation"]

1. d4 d5 2. c4 c6 3. Nf3 Nf6 4.
Nc3 dxc4 5. e4 b5 6. e5 Nd5 7. Ne4 Bf5 8. Ng3 Bg4 9. a4 e6 10. b3 Bb4+ 11. Bd2 c3 0-1

[Event "Early-Titled-Tuesday-Blitz-September-26-2023"]
[Site "Chess.com"]
[Date "2023.09.26"]
[Round "6"]
[White "CarlosjPineror"]
[Black "TomLiu777"]
[Result "1-0"]
[WhiteElo "2565"]
[BlackElo "2353"]
[TimeControl "180+1"]
[EndTime "9:04:23 PDT"]
[Termination "CarlosjPineror won by resignation"]

1. e4 d6 2. d4 Nf6 3. Nc3 g6 4. Be3 Bg7 5. f3 Na6 6. Qd2 O-O 7. h4 c6 8. Bh6 e5 9. Bxg7 Kxg7 10.
O-O-O exd4 11. Qxd4 Be6 12. h5 c5 13. h6+ Kg8 14.
Qf2 Nb4 15. a3 Nc6 16. Nge2 b5 17. Nf4 b4 18. axb4 cxb4 19. Ncd5 Bxd5 20. Nxd5 Nxd5 21.
Rxd5 b3 22. c3 a5 23. Bb5 Rc8 24. Bxc6 Rxc6 25. Qd4 f6 26. Rd1 Qc7 27. Rxd6 Rxd6 28. Qxd6 Qc4 29. Qe7 Rf7 30. Rd8+ 1-0

[Event "Early-Titled-Tuesday-Blitz-September-26-2023"]
[Site "Chess.com"]
[Date "2023.09.26"]
[Round "6"]
[White "ChainedDowntohell"]
[Black "giomar27"]
[Result "0-1"]
[WhiteElo "2459"]
[BlackElo "2283"]
[TimeControl "180+1"]
[EndTime "9:04:27 PDT"]
[Termination "giomar27 won by checkmate"]

1. d4 Nf6 2. c4 c5 3. d5 b5 4.
cxb5 a6 5. b6 d6 6. Nc3 Nbd7 7.
e4 Rb8 8. Nf3 g6 9. Be2 Bg7 10.
O-O O-O 11. h3 Nxb6 12. Qc2 Nfd7 13. Rb1 c4 14. Rd1 Nc5 15. Be3 Qc7 16. Bd4 Bh6 17. e5 Bf5 18. exd6 exd6 19. Bxc5 Bxc2 20. Bd4 Bxb1 21. Rxb1 Bg7 22. Rd1 Bxd4 23. Nxd4 Rfe8 24. Kf1 Qc5 25. Bf3 Nd7 26. Nc6 Rxb2 27. Na4 Qxf2# 0-1

[Event "Early-Titled-Tuesday-Blitz-September-26-2023"]
[Site "Chess.com"]
[Date "2023.09.26"]
[Round "6"]
[White "BlitzWizard04"]
[Black "KamlaPasand"]
[Result "1-0"]
[WhiteElo "2635"]
[BlackElo "2435"]
[TimeControl "180+1"]
[EndTime "9:04:33 PDT"]
[Termination "BlitzWizard04 won by checkmate"]

1. e4 e5 2. Nf3 Nc6 3. Bb5 a6 4. Ba4 Nf6 5. O-O b5 6. Bb3 Bc5 7. Re1 d6 8. c3 Bg4 9. h3 Bh5 10. d3 Qd7 11. Nbd2 h6 12. Nf1 g5 13. Ng3 g4 14. Nh4 Rg8 15. Nhf5 gxh3 16. Nxh5 Rxg2+ 17.
Kh1 Bxf2 18. Nxf6+ Kd8 19. Nxd7 Kxd7 20. Be3 Bxe1 21.
Qxe1 Rag8 22. Qh4 Rxb2 23. Qxh3 Kd8 24. Nxh6 Rgg2 25. Nxf7+ Ke7 26. Ng5 Rge2 27. Qh7+ Kf6 28. Qf7# 1-0

[Event "Early-Titled-Tuesday-Blitz-September-26-2023"]
[Site "Chess.com"]
[Date "2023.09.26"]
[Round "6"]
[White "AleksandrAleksikov"]
[Black "InitiatingASC"]
[Result "1-0"]
[WhiteElo "2228"]
[BlackElo "2329"]
[TimeControl "180+1"]
[EndTime "9:04:33 PDT"]
[Termination "AleksandrAleksikov won by resignation"]

1. e4 c5 2. Nf3 Nc6 3. d4 cxd4 4.
Nxd4 Nf6 5. Nc3 e5 6. Ndb5 h6 7. Nd6+ Bxd6 8. Qxd6 Qe7 9. Qxe7+ Kxe7 10. Bc4 d6 11. f3 Be6 12. Bb3 Nd4 13. Ne2 Bxb3 14.
Nxd4 Ba4 15. Nf5+ Kf8 16. b3 Bc6 17. Ba3 Rd8 18. O-O-O g6 19. Bxd6+ Ke8 20. Bxe5 1-0

[Event "Early-Titled-Tuesday-Blitz-September-26-2023"]
[Site "Chess.com"]
[Date "2023.09.26"]
[Round "6"]
[White "BogdanDeac"]
[Black "atigerman"]
[Result "1-0"]
[WhiteElo "2966"]
[BlackElo "2717"]
[TimeControl "180+1"]
[EndTime "9:04:42 PDT"]
[Termination "BogdanDeac won by resignation"]

1. b3 Nf6 2. Bb2 Nc6 3. Nf3 d6 4. d4 Bf5 5. Nh4 Bd7 6. d5 Ne5 7. c4 c6 8. dxc6 Bxc6 9. Nc3 g5 10. Nf5 e6 11. Nd4 Bg7 12. Qd2 Ne4 13. Nxc6 1-0

[Event "Early-Titled-Tuesday-Blitz-September-26-2023"]
[Site "Chess.com"]
[Date "2023.09.26"]
[Round "6"]
[White "jaskol95"]
[Black "Alina_Gumerovna"]
[Result "1-0"]
[WhiteElo "2607"]
[BlackElo "2158"]
[TimeControl "180+1"]
[EndTime "9:04:47 PDT"]
[Termination "jaskol95 won by checkmate"]

1. e4 e6 2. Nf3 d5 3. e5 c5 4. b4 cxb4 5. a3 Nc6 6. axb4 Bxb4 7. c3 Be7 8. d4 Nh6 9. Bd3 Nf5 10. Na3 a6 11. Nc2 O-O 12. Ne3 Nxe3 13. Bxe3 f6 14. h4 fxe5 15. Bxh7+ Kh8 16. Ng5 Qe8 17. h5 Bxg5 18.
Bxg5 Kxh7 19. h6 g6 20. dxe5 Nxe5 21. Qd4 Nc6 22. Qg7# 1-0

[Event "Early-Titled-Tuesday-Blitz-September-26-2023"]
[Site "Chess.com"]
[Date "2023.09.26"]
[Round "6"]
[White "DuleMudule"]
[Black "Dacean99"]
[Result "1-0"]
[WhiteElo "2777"]
[BlackElo "2560"]
[TimeControl "180+1"]
[EndTime "9:04:52 PDT"]
[Termination "DuleMudule won by resignation"]

1. d4 d5 2. Bf4 c5 3. e3 Nc6 4.
Nc3 a6 5. dxc5 e5 6. Bg3 Nf6 7. Bh4 d4 8. exd4 exd4 9. Qe2+ Be7 10. Bxf6 gxf6 11. Ne4 Qd5 12. Nxf6+ Kf8 13. Nxd5 Be6 1-0

[Event "Early-Titled-Tuesday-Blitz-September-26-2023"]
[Site "Chess.com"]
[Date "2023.09.26"]
[Round "6"]
[White "bubeliang"]
[Black "Daniel_Salinas"]
[Result "1-0"]
[WhiteElo "2634"]
[BlackElo "2429"]
[TimeControl "180+1"]
[EndTime "9:04:55 PDT"]
[Termination "bubeliang won by resignation"]

1. e4 d6 2. d4 Nf6 3. Nc3 e5 4. Nf3 Nbd7 5. Bc4 Be7 6. dxe5 dxe5 7. Bxf7+ Kxf7 8. Ng5+ Kg6 9. f4 exf4 10. Ne6 Qg8 11. Nd5 Qxe6 12. Nxf4+ Kf7 13. Nxe6 Kxe6 14. O-O Ne5 15.
Bf4 Bd6 16. Qe2 Bd7 17. Rad1 Bc6 18. Bxe5 Bxe5 19. Qc4+ Ke7 20. Qc5+ Bd6 21. Qg5 Ke6 22. e5 Bc5+ 23. Kh1 Ne4 24. Qf5+ 1-0

[Event "Early-Titled-Tuesday-Blitz-September-26-2023"]
[Site "Chess.com"]
[Date "2023.09.26"]
[Round "6"]
[White "Vanina1989"]
[Black "Fleetw00dMac"]
[Result "1-0"]
[WhiteElo "2719"]
[BlackElo "2491"]
[TimeControl "180+1"]
[EndTime "9:05:02 PDT"]
[Termination "Vanina1989 won by resignation"]

1. d4 Nf6 2. c4 g6 3. Nc3 Bg7 4. e4 d6 5. Nf3 O-O 6. Be2 e5 7. Be3 exd4 8. Nxd4 Re8 9. f3 c6 10. Bf2 d5 11. exd5 cxd5 12. O-O Nc6 13. c5 a6 14. Qd2 Bd7 15. Rad1 Nxd4 16. Bxd4 Bc6 17. b4 Qc7 18. Rfe1 Re6 19. a4 Rae8 20. b5 axb5 21. axb5 Bd7 22. b6 Qc8 23. Bf1 Rxe1 24. Rxe1 Rxe1 25. Qxe1 Be6 26.
Nb5 Nd7 27. Bxg7 Kxg7 28. Nc7 Nxc5 29. Qc3+ Kg8 30. Qxc5 1-0

[Event "Early-Titled-Tuesday-Blitz-September-26-2023"]
[Site "Chess.com"]
[Date "2023.09.26"]
[Round "6"]
[White "Yurasova_Daria"]
[Black "Khromkin"]
[Result "0-1"]
[WhiteElo "2480"]
[BlackElo "2368"]
[TimeControl "180+1"]
[EndTime "9:05:14 PDT"]
[Termination "Khromkin won by resignation"]

1. d4 d5 2. c4 dxc4 3. Nf3 a6 4. e3 Bg4 5. Bxc4 e6 6. O-O Nc6 7. Nbd2 Nf6 8. Be2 Bd6 9. h3 Bh5 10. b3 O-O 11. Bb2 Qe7 12. Rc1 Rfd8 13. Nc4 Ne4 14. Qc2 f5 15. Nxd6 cxd6 16. Rfd1 Nb4 17. Qc7 Rd7 18.
Qb6 Nd5 19. Qa5 f4 20. exf4 Nxf4 21. Qe1 Rf8 22. Bd3 Bxf3 23. Bxe4 Nxh3+ 24. Kh2 Bxe4 25. Qxe4 Nxf2 26. Qg4 Nxg4+ 0-1

[Event "Early-Titled-Tuesday-Blitz-September-26-2023"]
[Site "Chess.com"]
[Date "2023.09.26"]
[Round "6"]
[White "Zhani-Z"]
[Black "Doudou2015"]
[Result "0-1"]
[WhiteElo "2202"]
[BlackElo "2181"]
[TimeControl "180+1"]
[EndTime "9:05:18 PDT"]
[Termination "Doudou2015 won by resignation"]

1. e4 c5 2. Nf3 Nc6 3. Bb5 e5 4. O-O Bd6 5. d4 Nxd4 6. Bc4 h6 7. Nxd4 cxd4 8. c3 Qh4 9. cxd4 exd4 10. g3 Qf6 11. f4 Bc5 12. Qd3 Ne7 13. Nd2 Nc6 14. e5 Qe7 15. Ne4 O-O 16. Bd2 Bb6 17. Nd6 Bc7 18. Nf5 Qc5 19. b4 Nxb4 20. Bxb4 Qxb4 21. Qxd4 Bb6 0-1

[Event "Early-Titled-Tuesday-Blitz-September-26-2023"]
[Site "Chess.com"]
[Date "2023.09.26"]
[Round "6"]
[White "whiteglovethief"]
[Black "blitzking1729"]
[Result "0-1"]
[WhiteElo "2505"]
[BlackElo "2756"]
[TimeControl "180+1"]
[EndTime "9:05:24 PDT"]
[Termination "blitzking1729 won by checkmate"]

1. d4 g6 2. Nc3 Bg7 3. e4 d6 4.
Be3 Nf6 5. f3 c6 6. Qd2 b5 7. h4 h5 8. O-O-O Qa5 9. Kb1 b4 10. Nce2 Be6 11. Nc1 Nbd7 12. Nge2 Nb6 13. Nf4 Bc4 14. Nb3 Qb5 15. e5 Nfd5 16. Nxd5 Nxd5 17. exd6 exd6 18. Bxc4 Qxc4 19. Rhe1 Kd7 20. Bg1 a5 21. Bh2 a4 22. Nc5+ dxc5 23. dxc5 Rae8 24. b3 axb3 25. cxb3 Qc3 26. Qf4 Qb2# 0-1

[Event "Early-Titled-Tuesday-Blitz-September-26-2023"]
[Site "Chess.com"]
[Date "2023.09.26"]
[Round "6"]
[White "GMJustin"]
[Black "Roedor"]
[Result "1-0"]
[WhiteElo "2241"]
[BlackElo "2332"]
[TimeControl "180+1"]
[EndTime "9:05:29 PDT"]
[Termination "GMJustin won by resignation"]

1. e4 e5 2. f4 d5 3. d3 dxe4 4. dxe4 Qxd1+ 5. Kxd1 Nf6 6. Bd3 Bg4+ 7. Nf3 Nc6 8. c3 O-O-O 9. Kc2 Bd6 10. f5 g6 11. Ng5 gxf5 12. Nxf7 fxe4 13. Bb5 Bf5 14. Rf1 Bg6 15. Nxh8 e3+ 16. Nxg6 hxg6 17. Rxf6 e2 18. Bxe2 1-0

[Event "Early-Titled-Tuesday-Blitz-September-26-2023"]
[Site "Chess.com"]
[Date "2023.09.26"]
[Round "6"]
[White "Kostya0705"]
[Black "infinitegiantkiller"]
[Result "0-1"]
[WhiteElo "2585"]
[BlackElo "2452"]
[TimeControl "180+1"]
[EndTime "9:05:43 PDT"]
[Termination "infinitegiantkiller won by resignation"]

1. e4 c5 2. Nf3 Nc6 3. Nc3 g6 4. d4 cxd4 5. Nxd4 Bg7 6. Be3 Nf6 7. Bc4 d6 8. Bb3 O-O 9. f3 Bd7 10. Qd2 Na5 11. h4 Nxb3 12. cxb3 h5 13. O-O-O a6 14. Kb1 b5 15. g4 Rc8 16. Bh6 b4 17. Nd5 Nxd5 18. exd5 Rc5 19. Nf5 Bxf5+ 20. gxf5 Qc8 21. fxg6 Qf5+ 22. Ka1 Rc2 23. Qg5 Bxb2+ 24. Kb1 Rc1+ 0-1

[Event "Early-Titled-Tuesday-Blitz-September-26-2023"]
[Site "Chess.com"]
[Date "2023.09.26"]
[Round "6"]
[White "SaqoChess_Twitch"]
[Black "WPWPWP-2015"]
[Result "1-0"]
[WhiteElo "2675"]
[BlackElo "2529"]
[TimeControl "180+1"]
[EndTime "9:05:45 PDT"]
[Termination "SaqoChess_Twitch won by resignation"]

1. d4 Nf6 2. c4 e6 3. Nc3 Bb4 4. e3 O-O 5. a3 Be7 6. b4 b6 7. Bd3 Bb7 8. f3 c5 9. bxc5 bxc5 10. Nge2 cxd4 11. exd4 d5 12. c5 Nc6 13. Rb1 Qc8 14. Be3 Ba6 15. O-O Bxd3 16. Qxd3 Nd7 17. f4 f5 18. Kh1 Nf6 19. Ng1 Ne4 20. Nf3 Bf6 21. Ne5 Bxe5 22. fxe5 Nxc3 23. Qxc3 Rb8 24. Qd3 Qc7 25. Qa6 Kf7 26. g4 g6 27. gxf5 exf5 28.
e6+ Kxe6 29. Bf4 Qd7 30. Bxb8 Kf7 31. Rb7 1-0

[Event "Early-Titled-Tuesday-Blitz-September-26-2023"]
[Site "Chess.com"]
[Date "2023.09.26"]
[Round "6"]
[White "UK_23"]
[Black "amanmuhammethommadov"]
[Result "0-1"]
[WhiteElo "2408"]
[BlackElo "2593"]
[TimeControl "180+1"]
[EndTime "9:06:09 PDT"]
[Termination "amanmuhammethommadov won by resignation"]

1. e4 c5 2. Nf3 Nc6 3. Bb5 e6 4. Bxc6 bxc6 5. O-O Ne7 6. d3 Ng6 7. b3 e5 8. Bb2 d6 9. Nbd2 Be7 10. Nc4 O-O 11. a4 f5 12. exf5 Bxf5 13. Ne3 Be6 14. Nd2 Qd7 15. a5 Rf7 16. Ra4 Raf8 17. a6 Nf4 18. Kh1 Rf6 19. Ne4 R6f7 20. Qd2 d5 21. Ng3 d4 22. Nc4 Bd5 23. Ne4 Nxg2 24.
Nxe5 Qh3 25. Nxf7 Nf4 0-1

[Event "Early-Titled-Tuesday-Blitz-September-26-2023"]
[Site "Chess.com"]
[Date "2023.09.26"]
[Round "6"]
[White "lefonghua"]
[Black "KVAIDAN"]
[Result "1-0"]
[WhiteElo "2622"]
[BlackElo "2282"]
[TimeControl "180+1"]
[EndTime "9:06:12 PDT"]
[Termination "lefonghua won by resignation"]

1. d4 e6 2. c4 f5 3. g3 Nf6 4. Bg2 d6 5. Nc3 Be7 6. Nf3 O-O 7. O-O a5 8. b3 Ne4 9. Qc2 Nxc3 10. Qxc3 Nc6 11.
Bb2 Bf6 12. a3 e5 13. dxe5 dxe5 14. Rfd1 Qe8 15. Qc2 Be6 16. Rd2 Qh5 17. Rad1 Kh8 18. Bc3 a4 19. bxa4 Bxc4 20. Bb4 Nxb4 21. axb4 b5 22.
axb5 Bxb5 23. Qxc7 e4 24. Nd4 Bxd4 25. Rxd4 Bxe2 26.
Re1 Bf3 27. Qf4 Bxg2 28. Kxg2 h6 29. b5 Ra2 30. Rdxe4 Rb2 31. Rb4 Rxb4 32. Qxb4 f4 33. Qxf8+ Kh7 34. Qxf4 1-0

[Event "Early-Titled-Tuesday-Blitz-September-26-2023"]
[Site "Chess.com"]
[Date "2023.09.26"]
[Round "6"]
[White "Dewarfd"]
[Black "Lion-Al-Messi"]
[Result "0-1"]
[WhiteElo "2143"]
[BlackElo "2646"]
[TimeControl "180+1"]
[EndTime "9:06:16 PDT"]
[Termination "Lion-Al-Messi won by checkmate"]

1. d4 d5 2. e3 c5 3. dxc5 e5 4. c4 Nf6 5. cxd5 Qxd5 6. Bb5+ Nc6 7. Qxd5 Nxd5 8. Nf3 f6 9. a3 Bxc5 10. O-O Be6 11. b4 Be7 12. Bb2 O-O 13. Nc3 Nxc3 14. Bxc3 Rac8 15. Rac1 Rfd8 16. Bb2 a6 17. Bxc6 Rxc6 18. Rxc6 bxc6 19. Rc1 g5 20. h3 Bd5 21. Kf1 Kf7 22. Ke2 h5 23. Ne1 g4 24. hxg4 hxg4 25. f3 gxf3+ 26. gxf3 Rh8 27. Kf2 e4 28. f4 Rh2+ 29. Ng2 Rh3 30. Rg1 Rf3+ 31. Ke2 Bc4+ 32. Kd2 Rf2+ 33. Kc3 Bb5 34. Nh4 Ba4 35. Nf5 Rc2+ 36. Kd4 c5+ 37. Kd5 Rd2+ 38. Kc4 Bf8 39.
Bc3 Bb5+ 40. Kb3 c4# 0-1

[Event "Early-Titled-Tuesday-Blitz-September-26-2023"]
[Site "Chess.com"]
[Date "2023.09.26"]
[Round "6"]
[White "HajiyevKanan"]
[Black "viktorskliarov"]
[Result "0-1"]
[WhiteElo "2478"]
[BlackElo "2651"]
[TimeControl "180+1"]
[EndTime "9:06:18 PDT"]
[Termination "viktorskliarov won by checkmate"]

1. d4 Nf6 2. Nf3 g6 3. g3 Bg7 4. Bg2 O-O 5. O-O c6 6. b3 d5 7. Bb2 a5 8. a3 b5 9. c4 bxc4 10.
bxc4 Ba6 11. c5 Nbd7 12. Re1 Rb8 13. Qc2 Ne4 14. Nbd2 Nxd2 15. Qxd2 Nxc5 16. dxc5 Rxb2 17. Qg5 e5 18. Qxd8 Rxd8 19. e4 dxe4 20. Ng5 f5 21. Rab1 Rdd2 22. Rxb2 Rxb2 23. g4 Bd3 24. gxf5 gxf5 25.
Bh3 Bh6 26. Ne6 Bd2 27. Rd1 e3 28. Nd8 e2 29. Ra1 e1=Q+ 30. Rxe1 Bxe1 31. Nxc6 Bxf2+ 32. Kh1 Be4+ 33. Bg2 Rb1# 0-1

[Event "Early-Titled-Tuesday-Blitz-September-26-2023"]
[Site "Chess.com"]
[Date "2023.09.26"]
[Round "6"]
[White "rikchessmx"]
[Black "ZeGood_ZeBad_ZeUgly"]
[Result "0-1"]
[WhiteElo "2350"]
[BlackElo "2290"]
[TimeControl "180+1"]
[EndTime "9:06:20 PDT"]
[Termination "ZeGood_ZeBad_ZeUgly won by resignation"]

1. e4 c5 2. Nf3 d6 3. d4 cxd4 4. Nxd4 Nf6 5. Nc3 Bd7 6. f4 Nc6 7. Nb3 g6 8. h3 Bg7 9. Qf3 a5 10.
a3 a4 11. Nd2 Nd4 12. Qd3 Nh5 13. Be2 Nxf4 14. Qf3 Nxf3+ 15. Bxf3 e6 16. O-O Bd4+ 17.
Kh2 h5 18. Nc4 Be5 19. g3 Nxh3 20. Kxh3 g5 21. Kg2 g4 22. Be2 h4 23. Nxe5 dxe5 24.
Bxg4 hxg3 25. Bh3 Qh4 26. Rh1 Bc6 27. Bd2 Bxe4+ 28. Nxe4 Qxe4+ 29. Kxg3 O-O-O 30. Bg2 Rdg8+ 0-1

[Event "Early-Titled-Tuesday-Blitz-September-26-2023"]
[Site "Chess.com"]
[Date "2023.09.26"]
[Round "6"]
[White "PattyCastillo"]
[Black "Elaisaz"]
[Result "0-1"]
[WhiteElo "1876"]
[BlackElo "2142"]
[TimeControl "180+1"]
[EndTime "9:06:23 PDT"]
[Termination "Elaisaz won by checkmate"]

1. d4 Nf6 2. Nf3 g6 3. Nc3 Bg7 4. e4 d5 5. e5 Ne4 6. Bd3 c5 7. Nxe4 dxe4 8. Bxe4 cxd4 9. Qxd4 Qxd4 10. Nxd4 Bxe5 11.
Nf3 Bf6 12. O-O O-O 13. Bh6 Rd8 14. c3 Nc6 15. Rad1 Be6 16. Bxc6 bxc6 17. a4 Rxd1 18. Rxd1 Bb3 19. Ra1 Rd8 20. h4 Rd1+ 21. Rxd1 Bxd1 22.
a5 Bxf3 23. gxf3 Bxh4 24. Kf1 a6 25. Ke2 f5 26. Be3 e5 27. Kd3 Kf7 28. Kc4 Be7 29. Bc5 Bxc5 30. Kxc5 h5 31. Kb6 h4 32. Kxa6 h3 33. Kb6 h2 34. a6 h1=Q 35. a7 Qa1 36. Kb7 Qxb2+ 37. Kc8 Qa3 38. Kb8 Qb3+ 39. Kc7 Qa4 40. Kb7 Qb5+ 41. Kc7 Qa6 42. Kb8 Qb6+ 43. Ka8 Ke7 44. c4 Kd7 45. c5 Qxc5 46. f4 Kc7 47. fxe5 Qb6 48. e6 Qb7# 0-1

[Event "Early-Titled-Tuesday-Blitz-September-26-2023"]
[Site "Chess.com"]
[Date "2023.09.26"]
[Round "6"]
[White "PedroGil25"]
[Black "FoxOnTheRun97"]
[Result "0-1"]
[WhiteElo "2338"]
[BlackElo "2552"]
[TimeControl "180+1"]
[EndTime "9:06:24 PDT"]
[Termination "FoxOnTheRun97 won by resignation"]

1. e4 c6 2. Nc3 d5 3. Nf3 Bg4 4. h3 Bxf3 5. Qxf3 e6 6. d3 Bb4 7. Bd2 Qa5 8. g3 Nd7 9. Bg2 d4 10. Nb1 e5 11. O-O Bxd2 12. Nxd2 Qxd2 13. Qg4 Qh6 14. f4 Ngf6 15. Qf3 O-O-O 16. b4 Rhe8 17. a4 Kb8 18. a5 a6 19. b5 cxb5 20. g4 Qxf4 21.
Qxf4 exf4 22. Rxf4 Ne5 23. Raf1 Rc8 24. R1f2 Rc3 25.
g5 Nfd7 26. Rf5 f6 27. gxf6 gxf6 28. Rh5 Rec8 29. Rxh7 Rxc2 30. Rf5 b4 0-1

[Event "Early-Titled-Tuesday-Blitz-September-26-2023"]
[Site "Chess.com"]
[Date "2023.09.26"]
[Round "6"]
[White "JoakimVonAnd"]
[Black "salomez"]
[Result "1-0"]
[WhiteElo "2693"]
[BlackElo "2302"]
[TimeControl "180+1"]
[EndTime "9:06:25 PDT"]
[Termination "JoakimVonAnd won by resignation"]

1. c4 Nf6 2. Nc3 g6 3. g3 Bg7 4.
Bg2 O-O 5. e4 d6 6. Nge2 c6 7.
O-O Nbd7 8. d4 e5 9. h3 Qe7 10. Re1 Rd8 11. Be3 Nf8 12. Qd2 Ne6 13.
Rad1 b6 14. b4 Bb7 15. a3 a5 16. d5 axb4 17. axb4 Nd4 18. Nxd4 exd4 19. Bxd4 c5 20. bxc5 bxc5 21. Be3 Nd7 22. Bh6 Ne5 23. Bxg7 Kxg7 24. Qe2 Ra3 25. Nb5 Ra4 26. Rc1 Ba6 27. f4 Nxc4 28. Rxc4 Rxc4 29. Qxc4 Rb8 30. Qc3+ f6 31. Na3 Rb4 32. e5 fxe5 33. fxe5 1-0

[Event "Early-Titled-Tuesday-Blitz-September-26-2023"]
[Site "Chess.com"]
[Date "2023.09.26"]
[Round "6"]
[White "kleopl"]
[Black "Bodhanas"]
[Result "1-0"]
[WhiteElo "2465"]
[BlackElo "2054"]
[TimeControl "180+1"]
[EndTime "9:06:29 PDT"]
[Termination "kleopl won by checkmate"]

1. c4 b6 2. e4 Bb7 3. Nc3 c5 4. Nf3 Nc6 5. d4 cxd4 6. Nxd4 Nxd4 7. Qxd4 d6 8. Bg5 h6 9. Bh4 Qc7 10. Bd3 e5 11. Qe3 Be7 12. Bxe7 Nxe7 13. O-O O-O 14. Rac1 f5 15. exf5 Nxf5 16. Bxf5 Rxf5 17. b3 Raf8 18.
Rcd1 Qd7 19. Nb5 Rg5 20. f3 d5 21. Nxa7 d4 22. Qe2 Qf7 23. Kh1 Bxf3 24. Rxf3 Qxa7 25. Rxf8+ Kxf8 26. Rf1+ Kg8 27. h4 Rg6 28. Qxe5 Qxa2 29. Qe8+ Kh7 30. Qe4 Qxb3 31. h5 Qxc4 32. hxg6+ Kg8 33.
Qe8# 1-0

[Event "Early-Titled-Tuesday-Blitz-September-26-2023"]
[Site "Chess.com"]
[Date "2023.09.26"]
[Round "6"]
[White "nikitakhoroshev"]
[Black "Dedic8"]
[Result "1-0"]
[WhiteElo "2673"]
[BlackElo "2803"]
[TimeControl "180+1"]
[EndTime "9:06:33 PDT"]
[Termination "nikitakhoroshev won by checkmate"]

1. Nf3 d5 2. g3 Nc6 3. d4 Bf5 4. a3 e6 5. b4 h6 6. Bg2 Nf6 7. Nbd2 b5 8. O-O a5 9. bxa5 Nxa5 10. Bb2 Be7 11. Ne5 O-O 12. a4 b4 13. c4 bxc3 14. Bxc3 c5 15. Bxa5 Qxa5 16. Nc6 Qc7 17.
Nxe7+ Qxe7 18. dxc5 Qxc5 19. Qc1 Qb4 20. Nf3 Rxa4 21.
Rxa4 Qxa4 22. Qc5 Qa6 23. Nd4 Be4 24. Rc1 Bxg2 25. Kxg2 Ne4 26. Qe7 Rc8 27. Rb1 Qa4 28.
Rb7 Qxd4 29. Qxf7+ Kh8 30. e3 Qd2 31. Qxg7# 1-0

[Event "Early-Titled-Tuesday-Blitz-September-26-2023"]
[Site "Chess.com"]
[Date "2023.09.26"]
[Round "6"]
[White "Javylavilla"]
[Black "Haykoooo0o"]
[Result "1-0"]
[WhiteElo "2337"]
[BlackElo "2466"]
[TimeControl "180+1"]
[EndTime "9:06:36 PDT"]
[Termination "Javylavilla won by resignation"]

1. e4 c6 2. c4 d5 3. cxd5 cxd5 4. exd5 Nf6 5. Qa4+ Nbd7 6. Nc3 g6 7. Nf3 Bg7 8. Bc4 O-O 9. O-O Nb6 10. Qb3 Nxc4 11. Qxc4 b6 12. Ne5 Bb7 13. Nc6 Qd7 14. Re1 Rfe8 15.
d4 Rac8 16. Bg5 Nxd5 17. Nxd5 Rxc6 18. Qb5 e6 19. Nf6+ Bxf6 20. Bxf6 Rc7 21. Qg5 Qd5 22.
Be5 Rc2 23. f3 f5 24. Qf6 Rxg2+ 25. Kh1 Rg1+ 26. Kxg1 1-0

[Event "Early-Titled-Tuesday-Blitz-September-26-2023"]
[Site "Chess.com"]
[Date "2023.09.26"]
[Round "6"]
[White "MITerryble"]
[Black "Flawless_Fighter"]
[Result "1/2-1/2"]
[WhiteElo "2950"]
[BlackElo "2851"]
[TimeControl "180+1"]
[EndTime "9:06:38 PDT"]
[Termination "Game drawn by repetition"]

1. d4 Nf6 2. Nf3 d5 3. c4 e6 4.
e3 c5 5. dxc5 Bxc5 6. a3 dxc4 7.
Qxd8+ Kxd8 8. Bxc4 a6 9. b4 Ba7 10. Bb2 Ke7 11. Nbd2 b5 12. Bd3 Bb7 13. Rc1 Nbd7 14.
Rc7 Bxf3 15. gxf3 Rhc8 16. Rxc8 Rxc8 17. Ke2 Nd5 18. Nb3 g6 19. h3 h5 20. Ra1 Nc3+ 21. Kd2 Na4 22. Bd4 Bxd4 23. Nxd4 Ne5 24. Be2 Nb2 25. f4 Nec4+ 26. Ke1 Nb6 27. Kd2 N2c4+ 28. Ke1 Nb2 29. Kd2 N2c4+ 30. Ke1 Nb2 1/2-1/2